 Dungeon Crawl Stone Soup version 0.29-a0-275-g389c0b56f3 (webtiles) character file.

Game seed: 11342275234696378016

312 croobank the Sneak (level 6, -4/36 HPs)
             Began as an Octopode Fire Elementalist on Mar 10, 2022.
             Was an Initiate of Lugonu.
             Slain by Duvessa
             ... wielding a +0 short sword
              (8 damage)
             ... on level 4 of the Dungeon.
             The game lasted 00:13:11 (3550 turns).

croobank the Sneak (Octopode Fire Elementalist)     Turns: 3550, Time: 00:13:11

Health: -4/36      AC:  8    Str:  8    XL:     6   Next: 42%
Magic:  2/10       EV: 13    Int: 19    God:    Lugonu [......]
Gold:   140        SH:  0    Dex: 12    Spells: 4/11 levels left

rFire   . . .      SeeInvis .   t - +11 short sword "Vaehaur" {protect, Will++}
rCold   . . .      Faith    .   (no shield)
rNeg    . . .      Spirit   .   (helmet restricted)
rPois   .          Reflect  .   (no amulet)
rElec   .          Harm     .   (no ring)
rCorr   .          Rampage  .   (no ring)
Will    ++...                   (no ring)
Stlth   ++++......              (no ring)
HPRegen 0.12/turn               (no ring)
MPRegen 0.12/turn               (no ring)
                                (no ring)
                                (no ring)

@: under a protective aura
A: almost no armour, amphibious, 8 rings, camouflage 1, gelatinous body 1,
(nimble swimmer 1), tentacles
a: Renounce Religion


You were on level 4 of the Dungeon.
You worshipped Lugonu.
Lugonu was noncommittal.
You visited 1 branch of the dungeon, and saw 4 of its levels.
You visited the Abyss 1 time.

You collected 140 gold pieces.

Inventory:

Hand Weapons
 a - a +2 spear of distortion
 c - a +0 club
 d - a +0 short sword
 h - a +0 mace
 l - a +0 hunting sling
 t - the +11 short sword "Vaehaur" (weapon) {protect, Will++}
   (You found it on level 3 of the Dungeon)

   It grants its wielder temporary protection when it strikes (+7 to AC).
   Will:      It greatly increases your willpower.
Missiles
 b - 2 atropa-tipped darts (quivered)
 e - a throwing net
 f - 2 poisoned darts
 i - 4 boomerangs
 q - 50 stones
Jewellery
 s - a +4 ring of protection
Wands
 k - a wand of acid (7)
Scrolls
 j - a scroll of brand weapon {unknown}
 m - a scroll of fear
 p - a scroll of fog {unknown}
 v - a scroll of magic mapping {unknown}
Potions
 g - 2 potions of curing
 n - a potion of cancellation {unknown}
 o - a potion of attraction {unknown}
 r - a potion of mutation {unknown}
 u - a potion of degeneration {unknown}
 w - a potion of heal wounds {unknown}


   Skills:
 + Level 3.3 Dodging
 + Level 4.8 Stealth
 + Level 3.1 Spellcasting
 + Level 2.7 Conjurations
 + Level 4.1 Fire Magic


You had 4 spell levels left.
You knew the following spells:

 Your Spells              Type           Power      Damage    Failure   Level
a - Foxfire               Conj/Fire      64%        2x1d7     3%          1
b - Scorch                Fire           36%        2d7       4%          2
c - Flame Wave            Conj/Fire      16%        2d6       36%         4

Your spell library contained the following spells:

 Spells                   Type           Power      Damage    Failure   Level
 Conjure Flame            Conj/Fire      16%        6-21      11%         3
 Inner Flame              Hex/Fire       10%        N/A       19%         3
 Ensorcelled Hibernation  Hex/Ice        6%         N/A       22%         2
 Passwall                 Tmut/Erth      2%         N/A       22%         2
 Swiftness                Air            3%         N/A       41%         3
 Summon Ice Beast         Ice/Summ       3%         N/A       83%         4
 Summon Mana Viper        Hex/Summ       3%         N/A       99%         5
 Monstrous Menagerie      Summ           1%         N/A       100%        7


Dungeon Overview and Level Annotations

Branches:
Dungeon (4/15)
 Temple: D:4-7

Altars:

Annotations:
D:4 Duvessa


Innate Abilities, Weirdness & Mutations

You cannot wear most types of armour.
You are amphibious.
You can wear up to eight rings at the same time.
Your skin changes colour to match your surroundings (Stealth+).
Your rubbery body absorbs attacks. (AC +1, EV +1)
((You are camouflaged when in or above water. (Stealth+)))
You have tentacles for arms and can constrict up to eight enemies at once.


Message History

Confirm with . or Enter, or press ? or * to list all spells.
Flames lash Dowan.
Dowan is moderately wounded.
Dowan's fire resistance burns away.
Casting: Scorch (safe; 4% risk of failure)
Confirm with . or Enter, or press ? or * to list all spells.
Flames lash Dowan.
Dowan is burned terribly!
Dowan is heavily wounded.
You puncture Dowan!
Your weapon exudes an aura of protection.
You kill Dowan!
Lugonu accepts your kill.
You hear a distant scream of rage.
Duvessa, Sister of Dowan comes into view.
She is wielding a +0 short sword.
Casting: Scorch (safe; 4% risk of failure)
Confirm with . or Enter, or press ? or * to list all spells.
Flames lash Duvessa.
Duvessa shouts!
Duvessa is lightly wounded.
Duvessa's fire resistance burns away.
Duvessa goes berserk!
Duvessa hits you with a +0 short sword.
You hit Duvessa. You grab Duvessa. You squeeze Duvessa, but do no damage.
Duvessa is lightly wounded.
You constrict Duvessa, but do no damage.
Duvessa closely misses you. Duvessa hits you with a +0 short sword!
You puncture Duvessa!
Duvessa is heavily wounded.
You constrict Duvessa, but do no damage.
Duvessa hits you with a +0 short sword.
* * * LOW HITPOINT WARNING * * *
Casting: Scorch (safe; 4% risk of failure)
Confirm with . or Enter, or press ? or * to list all spells.
Flames lash Duvessa.
Duvessa is burned terribly!
Duvessa is almost dead.
You constrict Duvessa, but do no damage.
You hear a shout!
Duvessa hits you with a +0 short sword.
* * * LOW HITPOINT WARNING * * *
Duvessa hits you with a +0 short sword!
You die...

#... #...
#... ## #.$.
..# #.?.
...+ #...
...#
#...##....##
#...@e.....#
#..)##)...##
#... ...#
#... ..#
#... .# #...
$. #... #
####


You could see Duvessa (berserk, combustible).

Vanquished Creatures
  Dowan (D:4)
  A jelly (D:4)
  An iguana (D:3)
  An orc wizard (D:3)
  8 gnolls (D:2)
  3 adders
  A worm (D:3)
  2 dart slugs
  4 orcs
  4 ball pythons
  11 endoplasms
  2 giant cockroaches (D:2)
  5 goblins
  4 hobgoblins
  7 jackals
  2 quokkas
  6 bats
  3 frilled lizards
  5 kobolds
  5 rats
76 creatures vanquished.

Vanquished Creatures (others)
  99 foxfires
99 creatures vanquished.

Grand Total: 175 creatures vanquished

Notes
Turn   | Place    | Note
-------+----------+-------------------------------------------
     0 | D:1      | croobank the Octopode Fire Elementalist began the quest for
                  | the Orb.
     0 | D:1      | Reached XP level 1. HP: 11/11 MP: 3/3
   318 | D:1      | Reached XP level 2. HP: 17/17 MP: 3/5
   321 | D:1      | Learned a level 2 spell: Scorch
   996 | D:1      | Reached XP level 3. HP: 21/21 MP: 0/6
  1776 | D:2      | Reached XP level 4. HP: 27/27 MP: 2/7
  1945 | D:2      | HP: 1/27 [gnoll/+0 whip (4)]
  2222 | D:2      | Learned a level 4 spell: Flame Wave
  2245 | D:2      | Reached XP level 5. HP: 31/31 MP: 6/9
  2629 | D:3      | Identified the +3 robe "Erec" {-Tele Rampage rF+}
  2908 | D:3      | Reached XP level 6. HP: 36/36 MP: 3/10
  2914 | D:3      | Identified the +11 short sword "Vaehaur" {protect, Will++}
  2916 | D:3      | Cast into level 1 of the Abyss (unwielding a weapon of
                  | distortion)
  2943 | Abyss:2  | Found a corrupted altar of Lugonu.
  2952 | Abyss:2  | Became a worshipper of Lugonu the Unformed
  2952 | Abyss:2  | Reached * piety under Lugonu
  2953 | D:3      | Escaped the Abyss
  3296 | D:4      | Noticed Dowan
  3546 | D:4      | Killed Dowan
  3546 | D:4      | Noticed Duvessa
  3550 | D:4      | Slain by Duvessa

Illustrated notes

Levels and vault maps discovered:
D:1:      lemuel_arrival_funnel, layout_basic
D:2:      layout_basic
D:3:      layout_basic, serial_park_tiny_pond
D:4:      layout_gridville, dreamdust_gnoll_farm, uniq_duvessa, uniq_natasha

Skill      XL: |  1  2  3  4  5  6 |
---------------+-------------------+-----
Stealth        | 3 4 |  4.8
Conjurations   | 2 |  2.7
Dodging        | 3 |  3.3
Spellcasting   | 3 |  3.1
Fire Magic     | 4 |  4.1

Action                   |  1- 3 |  4- 6 || total
-------------------------+-------+-------++-------
Melee: Club              |     4 |       ||     4
       Constrict         |     4 |     4 ||     8
       Tentacles         |     4 |     3 ||     7
       Short sword       |    20 |    26 ||    46
       Spear             |       |    12 ||    12
 Cast: Foxfire           |    43 |    21 ||    64
       Scorch            |     5 |    27 ||    32
Invok: Depart the Abyss  |       |     1 ||     1
  Use: Scroll            |     3 |       ||     3
       Potion            |       |     3 ||     3
Armor: Skin              |       |    21 ||    21
Dodge: Dodged            |    18 |    26 ||    44

Table legend: (Time is in decaauts)
 A = Elapsed time spent in this place.
 B = Non-inter-level travel time spent in this place.
 C = Inter-level travel time spent in this place.
 D = Time resting spent in this place.
 E = Time spent auto-exploring this place.
 F = Levels seen in this place.
 G = Mean time per level.
                   A        B        C        D        E       F      G
               +--------+--------+--------+--------+--------+-----+--------+
         Total |   3557 |   3534 |     23 |    677 |   2209 |   6 |  592.8 |
       Dungeon |   3521 |   3498 |     23 |    677 |   2209 |   4 |  880.2 |
         Abyss |     36 |     36 |      0 |      0 |      0 |   2 |   18.0 |
               +--------+--------+--------+--------+--------+-----+--------+

Top non-repeatable levels by time:
     D:1: 1431 daAuts
     D:2: 1178 daAuts
     D:3: 896 daAuts
 Abyss:1: 26 daAuts
     D:4: 14 daAuts
 Abyss:2: 9 daAuts
